AoeStats
← Chiripa605

African Clearing

505327942Analyzed
3v3 RM · 24d ago on Sep 8, 2026· 38m 10s· 6 players
Game mode
Random Map
Map size
Normal (6 player)
Population
200
Speed
Normal
Resources
Standard
Victory
Conquest
Starting age
Dark Age
Ending age
Imperial Age
RankedLock teamsTeams togetherTeam positionsShared explorationLock speedFull tech treeHidden civsTurbo modeCheats
Victory
Defeat
🇺🇸 Spanish · United States
1172
+16
🇺🇸 Berbers · United States
1159
+16
🇧🇷 Gurjaras · Brazil
1152
+17
🇲🇽 Slavs · Mexico
1285
-22
🇲🇽 Malay · Mexico
1139
-15
🇲🇽 Magyars · Mexico
1072
-12
Chiripa605
4:00 Loom
15:12 Feudal Age
19:07 Castle Age
17:34 Double-Bit Axe
20:04 Bow Saw
26:18 Bloodlines
27:43 Wheelbarrow
28:14 Padded Archer Armor
30:05 Gold Mining
30:41 Hand Cart
30:56 Leather Archer Armor
30:56 Husbandry
33:37 Horse Collar
40:37 Imperial Age
Maverick8564
9:55 Loom
12:20 Feudal Age
14:01 Double-Bit Axe
16:09 Scale Barding Armor
18:50 Horse Collar
20:19 Fletching
21:22 Wheelbarrow
21:29 Forging
24:12 Castle Age
25:05 Bow Saw
26:47 Bodkin Arrow
29:02 Gold Mining
NobregaPF
14:39 Feudal Age
12:55 Loom
22:32 Castle Age
22:17 Forging
23:02 Scale Barding Armor
23:45 Bloodlines
24:24 Husbandry
26:32 Double-Bit Axe
28:59 Wheelbarrow
33:15 Horse Collar
36:26 Heavy Plow
37:26 Bow Saw
Alarcón
3:08 Loom
13:33 Feudal Age
17:06 Wheelbarrow
19:30 Castle Age
B3lt0f
6:33 Loom
16:19 Feudal Age
16:30 Double-Bit Axe
18:11 Horse Collar
26:19 Castle Age
26:25 Fletching
27:43 Scale Barding Armor
28:18 Forging
28:43 Gold Mining
28:59 Husbandry
Sindicato de Granjeros
9:54 Loom
10:54 Loom
12:39 Feudal Age
24:25 Castle Age
22:53 Double-Bit Axe
22:52 Horse Collar
23:30 Arson
23:58 Gold Mining
30:31 Wheelbarrow
30:51 Elite Skirmisher
32:35 Gold Shaft Mining
32:48 Fletching
33:55 Scale Mail Armor
33:53 Bodkin Arrow
34:25 Heavy Plow
35:35 Ballistics
35:45 Bow Saw
37:13 Thumb Ring
Connection lost

Rejoining the realm…

Still unreachable

The connection could not be restored.

Session expired

The server has moved on; the page needs a fresh start.